Cogmind - Beta 14 --- EXPLORER MODE // 2024.10.22 @ 00:40:59 Player: Tekuflat Result: Smashed by cave-in Performance ------------- Evolutions (0) 0 Regions Visited (2) 400 Robots Destroyed (7) 35 Value Destroyed (259) 259 Prototype IDs (0) 0 Alien Tech Used (0) 0 Bonus (0) 0 TOTAL SCORE: 694 Bonus ------- None Cogmind --------- Core Integrity 0/250 Matter 300/300 Energy 100/100 System Corruption 2% Temperature Cool (0) Movement Treading (160) Location -10/Mines Parts ------- > --- POWER (1) -------- (None) > --- PROPULSION (2) --- Light Treads > --- UTILITY (2) ------ Medium Storage Unit > --- WEAPON (3) ------- Particle Gun Light Assault Rifle > --- INVENTORY (10) --- Light Treads Structural Scanner Sensor Array Seismic Detector Weapon Shielding Peak State ------------ > --- POWER ------------ Light Ion Engine > --- PROPULSION ------- Light Treads Light Treads > --- UTILITY ---------- Medium Storage Unit Sensor Array > --- WEAPON ----------- Particle Gun Light Assault Rifle Light Assault Rifle > --- INVENTORY -------- Light Treads Sensor Array Seismic Detector Weapon Shielding [Rating: 9] Favorites ----------- Power Light Ion Engine Engine Light Ion Engine Propulsion Light Treads Treads Light Treads Leg Aluminum Leg Utility Medium Storage Unit Device Sensor Array Storage Medium Storage Unit Weapon Light Assault Rifle Energy Gun Particle Gun Ballistic Gun Light Assault Rifle Build | -11 -10 -10 ------- Run | Yrd Mat Min Slots Evolved 1 | . 1 . Power . | . . . Propulsion . | . . . Utility . | . . . Weapon 1 | . 1 . Parts Attached 10 | 2 8 . Power 1 | . 1 . Engine 1 | . 1 . Core . | . . . Reactor . | . . . Propulsion 4 | . 4 . Treads 2 | . 2 . Leg 2 | . 2 . Wheel . | . . . Hover . | . . . Flight . | . . . Utility 2 | 1 1 . Device 1 | . 1 . Storage 1 | 1 . . Processor . | . . . Hackware . | . . . Protection . | . . . Artifact . | . . . Weapon 3 | 1 2 . Energy Gun 1 | . 1 . Energy Cannon . | . . . Ballistic Gun 2 | 1 1 . Ballistic Cannon . | . . . Launcher . | . . . Special Weapon . | . . . Impact Weapon . | . . . Slashing Weapon . | . . . Piercing Weapon . | . . . Special Melee Weapon . | . . . Unidentified Prototypes . | . . . Parts Lost 4 | . . 4 Power 1 | . . 1 Propulsion 1 | . . 1 Utility 1 | . . 1 Weapon 1 | . . 1 Highest Loss Streak 4 | . . 4 To Critical Strikes . | . . . Average Slot Usage (%) 88 | . 89 87 Engine 10 | . 11 8 Treads 24 | . 24 25 Device 9 | . 9 8 Storage 12 | . 12 12 Energy Gun 6 | . 5 12 Ballistic Gun 23 | . 24 20 Peak Build Rating 9 | 2 9 9 Average Rating 6 | 1 7 8 On Entrance 3 | . 2 9 Naked Turns . | . . . Heaviest Build 19 | 11 19 19 Greatest Support 40 | 3 40 40 Greatest Overweight (x) 3 | 3 . . Average Overweight (x) . | 2 . . Largest Inventory Capacity 10 | 10 10 10 Average Capacity 9 | 9 10 10 Most Carried 8 | 8 7 5 Average Carried 4 | 4 4 5 Final Capacity 10 | 10 10 10 Final Carried 8 | 8 5 5 Class Distribution -------------------- 56% | Hacker-Mutant 44% | Hacker-Skirmisher Dominant Class ---------------- Hacker-Mutant | -10/Materials Hacker-Skirmisher | -10/Mines Resources | -11 -10 -10 ----------- Run | Yrd Mat Min Matter Collected 388 | 113 274 1 Remotely . | . . . Salvage Created 295 | . 295 . Parts 15 | . 15 . Haulers Intercepted . | . . . Recyclers Shooed . | . . . Parts Field Recycled . | . . . Retrieved Matter . | . . . Parts Self-Destructed . | . . . Prevented . | . . . Kills | -11 -10 -10 ------- Run | Yrd Mat Min Combat Hostiles Destroyed 6 | . 6 . Guns 6 | . 6 . Classes Destroyed 2 | . 2 . Watcher 1 | . 1 . Grunt 6 | . 6 . Best Kill Streak 4 | . 4 . Combat Bots Only 4 | . 4 . Max Kills in Single Turn 1 | . 1 . Gunslinging . | . . . Exploded . | . . . Melee . | . . . Uniques/NPCs Destroyed . | . . . Combat | -11 -10 -10 -------- Run | Yrd Mat Min Hostile Shots Fired 45 | . 44 1 Missed 12 | . 12 . Damage Taken 912 | . 269 643 Core 304 | . 45 259 Absorbed by Shields . | . . . Ignored by Resistances 226 | . 163 63 Core Remaining (%) 100 | 100 . . Volleys Fired 26 | . 24 2 Largest 3 | . 3 3 Hottest 105 | . 105 105 Shots Fired 61 | . 56 5 Gun 61 | . 56 5 Cannon . | . . . Launcher . | . . . Special . | . . . Kinetic 51 | . 48 3 Thermal 10 | . 8 2 Explosive . | . . . Electromagnetic . | . . . Robot Hit Streak 28 | . 28 5 Robot Miss Streak 2 | . 2 1 Penetration Max . | . . . Secondary Targets 3 | . 3 . Max Gunslinging Chain 1 | . 1 . Shots Hit Robots 53 | . 49 4 Core Hits 25 | . 23 2 Critical Kills . | . . . Critical Parts Destroyed . | . . . Critical Strikes 1 | . . 1 Burn 1 | . . 1 Melee Attacks . | . . . Impact . | . . . Slashing . | . . . Piercing . | . . . Sneak Attacks . | . . . Combat Hostiles . | . . . Follow-up Attacks . | . . . Damage Inflicted 482 | . 438 44 Guns 482 | . 438 44 Cannons . | . . . Explosions . | . . . Melee . | . . . Ramming . | . . . Kinetic 364 | . 350 14 Thermal 118 | . 88 30 Explosive . | . . . Electromagnetic . | . . . Impact . | . . . Slashing . | . . . Piercing . | . . . Highest Corruption 2 | . . 2 Average Corruption 2 | . . 2 Corruption Purged . | . . . Corruption Blocked . | . . . Effects 1 | . . 1 Message Errors 1 | . . 1 Overload Shots . | . . . Overflow Damage . | . . . Projectiles . | . . . Explosions . | . . . Melee . | . . . Knockbacks . | . . . Impact . | . . . Kinetic . | . . . Secondary . | . . . Self-Inflicted Damage . | . . . Shots . | . . . Rammed . | . . . Targets Rammed . | . . . Kicked . | . . . Crushed . | . . . Highest Temperature 359 | . 359 68 Average Temperature 101 | . 107 43 Received Heat Transfer 285 | . 285 . Effects 1 | . 1 . Matter Decay 1 | . 1 . Siege Activations . | . . . Robots Corrupted . | . . . Combat Hostiles . | . . . Parts Fried . | . . . Impact Corruptions . | . . . Robots Melted . | . . . Combat Hostiles . | . . . Parts Melted 1 | . 1 . Heat Transferred 370 | . 222 148 Parts Sabotaged . | . . . Parts Stolen . | . . . Parts Stripped . | . . . Power Chain Reactions . | . . . Alert | -11 -10 -10 ------- Run | Yrd Mat Min Peak Influence 175 | . 175 . Initial . | . . . Average 65 | . 85 . Maximum Alert Level . | . . . Low Security (%) 100 | 100 100 100 Level 1 . | . . . Level 2 . | . . . Level 3 . | . . . Level 4 . | . . . Level 5 . | . . . High Security . | . . . Max Security . | . . . Squads Dispatched . | . . . Investigation . | . . . Extermination . | . . . Reinforcement . | . . . Assault . | . . . Garrison . | . . . Intercept . | . . . Searches Triggered . | . . . Construction Impeded . | . . . Haulers Reinforced . | . . . Active Scanning Responses . | . . . Cargo Convoy Interrupts . | . . . Stealth | -11 -10 -10 --------- Run | Yrd Mat Min Distress Signals . | . . . Communications Jammed . | . . . Distress Signals . | . . . Times Spotted 11 | . 8 3 Peak Tracking Total 4 | . 4 1 Tactical Retreats . | . . . Traps | -11 -10 -10 ------- Run | Yrd Mat Min Traps Triggered 1 | . 1 . Indirectly . | . . . Trap Hack Attempts . | . . . Triggered . | . . . Disarmed . | . . . Reprogrammed . | . . . Reused . | . . . Traps Extracted . | . . . Installed . | . . . Triggered . | . . . Machines | -11 -10 -10 ---------- Run | Yrd Mat Min Machines Disabled . | . . . Max in Single Turn . | . . . Machines Repaired . | . . . Machines Dismantled . | . . . Machines Sabotaged . | . . . Overloaded Fab Kills . | . . . Hacking | -11 -10 -10 --------- Run | Yrd Mat Min Machines Accessed 1 | . 1 . Terminals 1 | . 1 . Fabricators . | . . . Repair Stations . | . . . Recycling Units . | . . . Scanalyzers . | . . . Garrison Access . | . . . Total Hacks 2 | . 2 . Successful 2 | . 2 . Failed . | . . . Catastrophic . | . . . Database Lockouts . | . . . Manual . | . . . Terminals 2 | . 2 . Fabricators . | . . . Repair Stations . | . . . Recycling Units . | . . . Scanalyzers . | . . . Garrison Access . | . . . Terminal Hacks 2 | . 2 . Alert Level 1 | . 1 . Transport Status 1 | . 1 . Fabricator Hacks . | . . . Repair Station Hacks . | . . . Recycling Unit Hacks . | . . . Scanalyzer . | . . . Garrison Access Hacks . | . . . Unauthorized Hacks . | . . . Terminals . | . . . Fabricators . | . . . Repair Stations . | . . . Recycling Units . | . . . Scanalyzers . | . . . Garrison Access . | . . . Data Cores Recovered . | . . . Used . | . . . Hacking Detections 1 | . 1 . Full Trace Events . | . . . Feedback Events . | . . . Feedback Blocked . | . . . Robot Schematics Acquired . | . . . Robots Built . | . . . Authchips . | . . . Time . | . . . Total Robot Build Rating . | . . . Part Schematics Acquired . | . . . Parts Built . | . . . Authchips . | . . . Time . | . . . Total Part Build Rating . | . . . Parts Repaired . | . . . Time . | . . . Parts Recycled . | . . . Recycled Matter . | . . . Retrieved Matter . | . . . Retrieved Components . | . . . Parts Scanalyzed . | . . . Part Schematics Acquired . | . . . Parts Damaged . | . . . Bothacking | -11 -10 -10 ------------ Run | Yrd Mat Min Used RIF Installer . | . . . Robots Hacked . | . . . Non-combat . | . . . Combat . | . . . Robot Hacks Applied . | . . . Relay Couplers Released . | . . . Fabnet Peak Effective % . | . . . Robots Rewired . | . . . Allies Hacked . | . . . Hacks Repelled . | . . . Allies | -11 -10 -10 -------- Run | Yrd Mat Min Total Allies . | . . . Largest Group . | . . . Highest-Rated Group . | . . . Highest-Rated Ally . | . . . Total Orders . | . . . Ally Attacks . | . . . Total Damage . | . . . Kills . | . . . Allies Corrupted . | . . . Allies Melted . | . . . Intel | -11 -10 -10 ------- Run | Yrd Mat Min Robot Analysis Total . | . . . Derelict Logs Recovered . | . . . Drone Launches . | . . . Drone Recoveries . | . . . Exploration | -11 -10 -10 ------------- Run | Yrd Mat Min Turns Passed 523 | 66 400 57 Spaces Moved 255 | 30 195 30 Core 30 | 30 . . Treads 223 | . 193 30 Legs 2 | . 2 . Wheels . | . . . Hover . | . . . Flight . | . . . Fastest Speed 50 | 50 120 160 Average Speed 162 | 185 159 160 Slowest Speed 200 | 200 160 160 Overloaded Moves . | . . . Propulsion Burnouts . | . . . Robots Hopped . | . . . Cave-ins Triggered 2 | . . 2 Exploration Rate (%) 17 | 4 38 10 Regions Visited 2 Branch Regions 1 Pre-discovered Areas . | . . . Known Exits Taken 2 | 1 1 . Unknown Exits Taken . | . . . Scrap Searched . | . . . Spaces Dug . | . . . Terrain Destroyed . | . . . Melee . | . . . Projectile . | . . . AOE . | . . . Terrain Rammed . | . . . Walls Destroyed . | . . . Machines Disabled . | . . . Actions | -11 -10 -10 --------- Run | Yrd Mat Min Total 321 | 41 244 36 Wait 13 | . 9 4 Move 253 | 29 194 30 Hop . | . . . Pick Up 16 | 10 6 . Fast Attach . | . . . Attach 8 | 2 6 . Detach . | . . . Swap 2 | . 2 . Drop 3 | . 3 . Fire 26 | . 24 2 Melee . | . . . Ram . | . . . Kick . | . . . Crush . | . . . Escape Stasis . | . . . Rewire . | . . . Trap . | . . . Miscellaneous . | . . . Route ------- -11/Scrapyard -10/Materials (discovered 2 exits: *Mat / *Min) -10/Mines History --------- Turn | Location | Event 15 | -11/Scrapyard | Identified exit to Materials 15 | -11/Scrapyard | Discovered exit to Materials (range 15) 67 | -11/Scrapyard | Entered Materials 67 | -10/Materials | Evolved 1 slot: Weapon x1 403 | -10/Materials | Identified exit to Materials 403 | -10/Materials | Discovered exit to Materials (range 4) 427 | -10/Materials | Identified exit to Mines 427 | -10/Materials | Discovered exit to Mines (range 15) 467 | -10/Materials | Entered Mines 468 | -10/Mines | Assembled infested the area 473 | -10/Mines | Assisted by a Guerilla fighting off Assembled 502 | -10/Mines | Met a Derelict bent on vengeance 506 | -10/Mines | Crushed by falling debris 525 | -10/Mines | Crushed by falling debris 525 | -10/Mines | Smashed by cave-in Last Messages --------------- 00506_ HV Slug penetrates Wall. 00507_ 0P-NX6(h) destroyed. 00508_ U-05 Engineer builds a Wall. 00509_ NG-5WT(g): "UNAWARE KILLED MY BEST FRIEND! VENGEANCE!" 00509_ The unstable cave ceiling collapses. 00509_ D-53 Grenadier destroyed. 00510_ U-05 Engineer builds a Wall. 00512_ Acquired 1 matter. 00513_ /XFQPSIZQ AQLJ9 VB0L9Z7BOUEBA:KLVXB#0 00514_ U-05 Engineer lays Concrete. 00514_ U-05 Engineer builds a Wall. 00514_ R-06 Scavenger collects Cmb. Airjet. 00515_ U-05 Engineer lays Concrete. 00517_ U-05 Engineer builds a Wall. 00519_ The unstable cave ceiling collapses. 00523_ U-05 Engineer lays Concrete. 00523_ U-05 Engineer builds a Wall. 00525_ The unstable cave ceiling collapses. 00525_ Crushed by falling debris. 00525_ Lgt. Treads destroyed. Map ----- +----------------------------------------------------+ | ?????????????????????????????????????????????? | | ?????????????????????????????????????????????? | | ?????????????????????????????????????????????? | | ?????????????????????????????????????????????? | | ?????????????????????????????????????????????? | | ?????????????????????????????????????????????? | | ?????????????????????????????????????????????? | | ?????????????????????????????????????????????? | | ?????????????????????????????????????????????? | | ?????????????????????????????????????????????? | | ?????????????????????????????????????????????? | | ?????????????????????????????????????????????? | | ?????????????????????????????????????????????? | | ??????????????????????? ?????????????????????? | | ??????????????????????? ?????????????????????? | | ??????????????????????? ?????????????????????? | | ????????????????????? ? ?????????????????????? | | ????????????????????? ?????????????????????? | | ????????????????????? ???????#?????????????? | | ????????????????????? #?????? ??????????????? | | ????????????????????? #???? ???????????????? | | ????????????????????? #### ?????????????????? | | ????????????????#???? %??????????????????? | | ???????????????## #### ????????????????????? | | ?????? ??????# # ## ##??###???????????????? | | ?????? ???# # @g ##?# ???????????????? | | ??????# ## ## ### #???????????????? | | ???????# uu ##%#???????????????? | | ????????# ###### # ##%#???????????????? | | ????????????????## r # ###?????????????? | | ????????????????### t ##%% ##????????????? | | ????????????????# #????????????? | | ????????????????## # # #????????????? | | ????????????????# ## %%##????????????? | | ????????????????## ####% #?????????????? | | ?????????????????########?## ##????????????? | | ?????????????????????????## ##???????????? | | ?????????????????######### ###?????????? | | ????????????????# #?????????? | | ?????????? ######## #?????????? | | ?????????????????????????### #?????????? | | ???????????????????????????## #?????????? | | ????????????????????????????### #?????????? | | ???????????????????????????????# #?????????? | | ???????????????????????????????? #?????????? | | ???????????????????????????????? ##?????????? | | ???????????????????????????????? ##??????????? | | ?????????????????????????????????#???????????? | | ?????????????????????????????????????????????? | | ?????????????????????????????????????????????? | +----------------------------------------------------+ Best States ------------- Heat Dissipation 25 Energy Generation 10 Energy Capacity 125 Matter Stores 300 Matter Capacity 300 Sight Range 16 Robot Scan Range 14 Terrain Scan Density 10 Resistance: KI 35 Resistance: TH 35 Resistance: EX 35 Resistance: EM 35 Resistance: I 35 Resistance: S 35 Resistance: P 35 Evasion (%) 40 Recoil Reduction 2 Offensive Hacking 20 Item Schematics ----------------- None Robot Schematics ------------------ None Fabricated ------------ Nothing Alien Tech Used ----------------- None Achievements -------------- None Challenges ------------ None Game ------ Seed DiametricModifiedMount Manual? 0 Play Time 00:05:14 Cumulative 13.6 hours Start 2024.10.22 @ 00:36:16 End 2024.10.22 @ 00:40:59 Sessions 1 Manual Loads 0 Difficulty Explorer Special Mode None Game No. 13 Rogue 0 Adventurer 0 Explorer 13 Win Type - Total 0 Types 0/0/0/0/0/0/0/0/0 Lore% 11 Gallery% 24 Achievement% 21 Wizard Run 0 Options --------- Layout 0 ASCII 0 Keyboard 0 Movement Numpad Keybinds 0 Fullscreen 1 Font 24/Tamsyn Map View 76x50 Zoom Use 0% Tactical HUD 1 Map Filters NONE Filters NONE Steam 1 RUN: d72aff7c-93d3-456b-8c11-a0ac84ce9160